 Dungeon Crawl Stone Soup version 0.32-a0-163-g159c032 (webtiles) character file.

Game seed: 7523042566911924112

11806 Dorkslayer the Grappler (level 11, -5/101 HPs)
             Began as a Troll Shapeshifter on Feb 11, 2024.
             Was a High Priest of Okawaru.
             Slain by a seven-headed hydra (7 damage)
             ... on level 11 of the Dungeon.
             The game lasted 00:25:11 (8980 turns).

Dorkslayer the Grappler (Troll Shapeshifter)        Turns: 8980, Time: 00:25:13

Health: -5/101     AC:  4    Str: 24    XL:     11   Next: 54%
Magic:  13/13      EV: 10    Int:  6    God:    Okawaru [*****.]
Gold:   866        SH: 10    Dex: 13    Spells: 10/10 levels left

rFire   + .          .
                       - Unarmed
rCold   . . .        q - +1 kite shield
rNeg    . . .        a - +0 animal skin
rPois   .            (helmet currently unavailable)
rElec   .            (cloak currently unavailable)
rCorr   .            (gloves unavailable)
SInv    .            (boots unavailable)
Will    .....        E - amulet of the acrobat
Stlth   ++           A - ring of protection from fire
HPRegen 1.16/turn    (no ring)
MPRegen 0.13/turn

%: acrobat
@: about to teleport, beast-form
A: beast (slay +3), large, unfitting armour, claws 3, regeneration 1, shaggy fur
1, tough skin 1
a: Begin Untransformation, Renounce Religion, Heroism, Finesse, Duel


You were on level 11 of the Dungeon.
You worshipped Okawaru.
Okawaru was extremely pleased with you.
You were a hulking beast.
You visited 1 branch of the dungeon, and saw 11 of its levels.
You also visited: Sewer and Ossuary.

You collected 866 gold pieces.

Inventory:

Hand Weapons
 B - a +0 heavy flail
Missiles
 f - 2 javelins
 w - a throwing net
 C - 10 large rocks (quivered)
Armour
 a - a +0 animal skin (worn)
 q - a +1 kite shield (worn)
 I - a +0 cloak
Jewellery
 A - a ring of protection from fire (left claw)
 E - an amulet of the acrobat (around neck)
Talismans
 c - a beast talisman
 d - a flux talisman
 i - a maw talisman
Wands
 v - a wand of quicksilver (1)
 x - a wand of mindburst (3)
 y - a wand of flame (63)
 F - a wand of polymorph (5)
Scrolls
 h - 3 scrolls of fog
 j - 4 scrolls of teleportation
 k - 2 scrolls of amnesia
 r - 3 scrolls of revelation
 s - 5 scrolls of immolation
 H - 3 scrolls of enchant armour
 J - a scroll of poison
Potions
 b - a potion of lignification
 e - 4 potions of haste
 g - a potion of berserk rage
 l - 3 potions of heal wounds
 m - 10 potions of curing
 n - a potion of mutation
 o - 3 potions of magic
 p - 3 potions of brilliance
 t - a potion of degeneration {unknown}
 u - 4 potions of enlightenment
 z - a potion of ambrosia {unknown}
 D - 2 potions of cancellation
 G - a potion of invisibility


   Skills:
 * Level 4.8 Fighting
 * Level 3.9 Maces & Flails
 + Level 0.7 Throwing
 + Level 4.4 Dodging
 + Level 2.9 Stealth
 + Level 4.9 Shields
 + Level 10.9 Unarmed Combat
 * Level 4.7 Invocations
 * Level 4.2 Evocations
 * Level 6.1 Shapeshifting


You had 10 spell levels left.
You didn't know any spells.
Your spell library contained the following spells:

 Spells                   Type           Power      Damage    Failure   Level
 Freeze                   Ice            0%         1d3       71%         1
 Kiss of Death            Conj/Necr      0%         2d5       71%         1
 Shock                    Conj/Air       0%         1d3       71%         1
 Slow                     Hex            0%         N/A       71%         1
 Confusing Touch          Hex            0%         N/A       97%         3
 Frozen Ramparts          Ice            0%         1d1       97%         3
 Hailstorm                Conj/Ice       0%         3d5       97%         3
 Sigil of Binding         Hex            0%         N/A       97%         3
 Swiftness                Air            0%         N/A       97%         3
 Vampiric Draining        Necr           0%         2d6       97%         3
 Airstrike                Air            0%         2d(0-16)  100%        4
 Dispel Undead            Necr           0%         3d6       100%        4


Dungeon Overview and Level Annotations

Branches:
Dungeon (11/15)            Temple (0/1) D:6            Lair (0/5) D:10
  Sewer (visited)         Ossuary (visited)
    Orc: D:9-12

Altars:
Ashenzari
Dithmenos
Hepliaklqana
Okawaru
Qazlal
Trog
Vehumet
Wu Jian

Annotations:
D:10 1 transporter, Dorkslayer's ghost, journeyman OpFi
D:11 3 runed translucent doors, Zagger's ghost, journeyman MiFi


Innate Abilities, Weirdness & Mutations

You are a hulking beast.
Your limbs bulge with bestial killing power. (Slay +3)
You are too large for most types of armour.
You have claws for hands.
Your natural rate of healing is unusually fast.
You are covered in fur. (AC +1)
You have tough skin. (AC +1)


Message History

The six-headed hydra roars!
The six-headed hydra is lightly wounded.
Throw: 11 large rocks
Press: ? - help, Q - select action, (/) - cycle Shift-Dir - straight line, f/p - six-headed hydra
Aim: a six-headed hydra (lightly wounded, 79% to hit)
You throw a large rock.
The large rock hits the six-headed hydra.
The six-headed hydra is lightly wounded.
The six-headed hydra closely misses you.
The six-headed hydra bites you! x2
You block the six-headed hydra's attack.
The six-headed hydra bites you!
The six-headed hydra bites you but does no damage.
The six-headed hydra bites you!
You block the six-headed hydra's attack.
The six-headed hydra closely misses you.
The six-headed hydra bites you but does no damage.
The six-headed hydra bites you! x2
Unknown command.
As you read the scroll of teleportation, it crumbles to dust.
You feel strangely unstable.
You block the six-headed hydra's attack. x2
The six-headed hydra bites you!
The six-headed hydra closely misses you.
The six-headed hydra bites you but does no damage.
You block the six-headed hydra's attack.
Okay, then.
You tear one of the six-headed hydra's heads off!
The five-headed hydra grows two more!
You scratch the seven-headed hydra.
The seven-headed hydra is lightly wounded.
The seven-headed hydra bites you!
* * * LOW HITPOINT WARNING * * *
The seven-headed hydra barely misses you.
You block the seven-headed hydra's attack.
The seven-headed hydra bites you!
* * * LOW HITPOINT WARNING * * *
The seven-headed hydra bites you!
* * * LOW HITPOINT WARNING * * *
The seven-headed hydra bites you!
You die...

.# ##...##
#.# .#
##+## #.#
.# #.# .#
#.# #.#
#.# #.#
.#######.#
....(.Dh.#
.#########


You could see a seven-headed hydra.

Vanquished Creatures
  A two-headed ogre (D:11)
  2 cyclopes (D:11)
  A rime drake (D:10)
  3 trolls
  A hornet (D:10)
  Sigmund (D:3)
  2 shadows
  16 yaks
  Eustachio (D:6)
  3 wraiths
  A wyvern (D:10)
  A steam dragon (D:9)
  Grum (D:11)
  Edmund (D:4)
  3 water moccasins
  3 black bears
  An orc warrior (D:9)
  2 ice beasts
  A sky beast (D:7)
  3 ogres
  8 centaurs
  6 wolves
  A phantom (D:7)
  A kobold brigand (Sewer)
  2 bullfrogs (D:8)
  An elf zombie (D:5)
  2 elf skeletons (D:5)
  7 wights
  11 killer bees
  7 howler monkeys
  3 jellies
  12 orc priests
  A gnoll bouda (D:6)
  4 hounds
  5 iguanas
  A human skeleton (D:5)
  2 sleepcaps
  15 orc wizards
  Ijyb (D:3)
  Natasha (thrice) (D:3)
  8 mummies (Ossuary)
  3 gnolls (D:6)
  9 adders
  A river rat (Sewer)
  5 shadow imps
  A white imp (D:6)
  4 ufetubi
  A dart slug (D:1)
  4 ribbon worms
  26 orcs
  3 bats
  2 endoplasms
  4 giant cockroaches
  2 gnoll zombies (Ossuary)
  4 goblins
  6 hobgoblins
  2 jackals (D:4)
  4 quokkas
  9 ball pythons
  A frilled lizard (D:3)
  2 hobgoblin zombies (Ossuary)
  3 kobolds
  2 kobold zombies (Ossuary)
  4 orc zombies
  4 rats
255 creatures vanquished.

Notes
Turn   | Place    | Note
-------+----------+-------------------------------------------
     0 | D:1      | Dorkslayer the Troll Shapeshifter began the quest for the
                  | Orb.
     0 | D:1      | Reached XP level 1. HP: 18/18 MP: 0/0
   262 | D:1      | Found a faded altar of an unknown god.
   697 | D:2      | Reached XP level 2. HP: 26/26 MP: 1/1
  1048 | D:3      | Found a glowing drain.
  1057 | D:3      | Reached XP level 3. HP: 32/32 MP: 2/2
  1066 | Sewer    | Entered a sewer
  1127 | Sewer    | Noticed a kobold brigand
  1140 | Sewer    | Killed a kobold brigand
  1141 | Sewer    | Reached skill level 4 in Unarmed Combat
  1141 | Sewer    | Reached XP level 4. HP: 17/40 MP: 3/3
  1216 | Sewer    | Found a white marble altar of Elyvilon.
  1300 | D:3      | Found a transporter.
  1322 | D:3      | Found a transporter.
  1346 | D:3      | Noticed Ijyb
  1352 | D:3      | Killed Ijyb
  1353 | D:3      | Reached skill level 1 in Shields
  1406 | D:3      | Reached XP level 5. HP: 46/46 MP: 4/4
  1447 | D:3      | Reached skill level 1 in Fighting
  1494 | D:3      | Noticed Sigmund
  1502 | D:3      | Killed Sigmund
  1503 | D:3      | Reached skill level 5 in Unarmed Combat
  1503 | D:3      | Reached XP level 6. HP: 55/55 MP: 5/5
  1505 | D:3      | Noticed Natasha
  1514 | D:3      | Killed Natasha
  1515 | D:3      | Reached skill level 1 in Evocations
  2379 | D:3      | Noticed Natasha
  2382 | D:3      | Killed Natasha
  2560 | D:3      | Noticed Natasha
  2564 | D:3      | Killed Natasha
  2685 | D:4      | Found a stormy altar of Qazlal.
  2685 | D:4      | Found an ornate altar of the Wu Jian Council.
  2685 | D:4      | Found an iron altar of Okawaru.
  2692 | D:4      | Became a worshipper of Warmaster Okawaru
  2785 | D:4      | Reached XP level 7. HP: 62/62 MP: 6/6
  2884 | D:4      | Reached skill level 1 in Stealth
  3144 | D:4      | Reached skill level 6 in Unarmed Combat
  3357 | D:4      | Noticed Edmund
  3368 | D:4      | Killed Edmund
  3368 | D:4      | Reached * piety under Okawaru
  3593 | D:5      | Entered Level 5 of the Dungeon
  3637 | D:5      | Reached skill level 7 in Unarmed Combat
  3637 | D:5      | Reached XP level 8. HP: 37/70 MP: 7/7
  3684 | D:5      | Found a sand-covered staircase.
  3691 | Ossuary  | Entered an ossuary
  3904 | D:5      | Reached ** piety under Okawaru
  4129 | D:5      | Reached skill level 8 in Unarmed Combat
  4331 | D:5      | Reached skill level 1 in Invocations
  4363 | D:6      | Noticed a rust devil
  4389 | D:6      | Reached XP level 9. HP: 53/79 MP: 9/9
  4474 | D:6      | Reached *** piety under Okawaru
  4536 | D:6      | Noticed Eustachio
  4550 | D:6      | Killed Eustachio
  4643 | D:6      | Noticed an angel
  4819 | D:6      | Found a staircase to the Ecumenical Temple.
  5358 | D:7      | Reached skill level 9 in Unarmed Combat
  5530 | D:7      | Reached **** piety under Okawaru
  5718 | D:7      | Found a radiant altar of Vehumet.
  5719 | D:7      | Found a bloodstained altar of Trog.
  5928 | D:8      | Found a hazy altar of Hepliaklqana.
  5929 | D:8      | Found a shadowy altar of Dithmenos.
  6146 | D:8      | Reached XP level 10. HP: 88/91 MP: 11/11
  6150 | D:8      | Reached skill level 5 in Shapeshifting
  6164 | D:8      | Reached skill level 1 in Maces & Flails
  6309 | D:8      | Found a broken altar of Ashenzari.
  6358 | D:8      | Reached ***** piety under Okawaru
  7233 | D:9      | Received a gift from Okawaru
  7544 | D:9      | Reached skill level 10 in Unarmed Combat
  7869 | D:10     | Entered Level 10 of the Dungeon
  8156 | D:10     | Received a gift from Okawaru
  8157 | D:10     | Reached XP level 11. HP: 68/100 MP: 13/13
  8202 | D:10     | Noticed a two-headed ogre
  8203 | D:10     | Noticed Dorkslayer's ghost (journeyman OpFi)
  8204 | D:10     | Identified the +9 dire flail "Eqasy" {flame, *Noise rF-
                  | Str+3 Int+9}
  8204 | D:10     | Noticed a two-headed ogre
  8216 | D:10     | Found a transporter.
  8216 | D:10     | Noticed a two-headed ogre
  8336 | D:10     | Found a staircase to the Lair.
  8524 | D:11     | Found a runed translucent gate.
  8602 | D:11     | Found a runed translucent gate.
  8603 | D:11     | Found a runed translucent gate.
  8604 | D:11     | Noticed Zagger's ghost (journeyman MiFi)
  8605 | D:11     | Noticed an 11-headed hydra
  8606 | D:11     | Noticed a nine-headed hydra
  8625 | D:11     | Noticed Grum
  8656 | D:11     | Killed Grum
  8781 | D:11     | Noticed a two-headed ogre
  8786 | D:11     | Killed a two-headed ogre
  8975 | D:11     | Noticed a six-headed hydra
  8980 | D:11     | HP: 2/101 [seven-headed hydra (8)]
  8980 | D:11     | Slain by a seven-headed hydra

Illustrated notes

Levels and vault maps discovered:
D:1:      nagdon_arrival_zigzag_paths, layout_loops_ring,
          dreamdust_ecumenical_altar_grove, glass_columns_b
D:2:      layout_rooms
D:3:      gammafunk_wand_slinger, layout_loops_cross, serial_forest,
          infiniplex_forest_straight_1, infiniplex_forest_clump_small,
          infiniplex_forest_end_2, infiniplex_forest_zigzag_1,
          infiniplex_forest_clump_tiny, portal_sewer_entry_f,
          dreamdust_wishing_well, uniq_natasha, uniq_sigmund, uniq_ijyb
D:4:      layout_basic, gammafunk_temple_overflow_claw, uniq_edmund
D:5:      layout_cave_pools, nicolae_ossuary_entry_catacombs
D:6:      layout_gridville, temple_garden, uniq_eustachio
D:7:      layout_loops_corners, gammafunk_temple_overflow_pools
D:8:      layout_basic, lemuel_round_altar, riverfiend_overflow_shadow_ancestor,
          minmay_fractal_squares_gapless_5
D:9:      layout_loops_corners
D:10:     layout_cave_pools, hellmonk_lair_entry_icy, gammafunk_ghost_smash
D:11:     layout_loops_corners, erik_orc_2, gammafunk_ghost_hydra_chop,
          uniq_grum

Skill      XL: |  1  2  3  4  5  6  7  8  9 10 11 |
---------------+----------------------------------+-----
Unarmed Combat | 4 5 7 8 9 10 | 10.9
Shields        | 1 2 3 4 |  4.9
Fighting       | 1 2 3 4 |  4.8
Dodging        | 2 3 4 |  4.4
Evocations     | 1 2 3 4 |  4.2
Stealth        | 1 2 |  2.9
Shapeshifting  | 4 5 6 |  6.1
Invocations    | 1 3 4 |  4.7
Maces & Flails | 3 |  3.9
Throwing       | |  0.7

Action                     |  1- 3 |  4- 6 |  7- 9 | 10-12 || total
---------------------------+-------+-------+-------+-------++-------
  Melee: Unarmed           |    64 |   116 |   344 |   242 ||   766
         Punch             |       |     3 |    13 |    16 ||    32
  Throw: Javelin           |       |     2 |     4 |     1 ||     7
         Large rock        |       |       |       |     3 ||     3
  Evoke: Wand              |       |     3 |     2 |     1 ||     6
    Use: Potion            |       |     1 |     3 |     2 ||     6
         Scroll            |       |       |    17 |     7 ||    24
   Stab: Distracted        |       |     1 |       |       ||     1
         Sleeping          |       |       |     7 |     4 ||    11
         Invisible         |       |       |     5 |       ||     5
 Armour: Animal skin       |    44 |    31 |   201 |   151 ||   427
  Dodge: Dodged            |    20 |    19 |   119 |    99 ||   257
  Block: Kite shield       |    14 |    16 |   154 |   117 ||   301

Table legend: (Time is in decaauts)
 A = Elapsed time spent in this place.
 B = Non-inter-level travel time spent in this place.
 C = Inter-level travel time spent in this place.
 D = Time resting spent in this place.
 E = Time spent auto-exploring this place.
 F = Levels seen in this place.
 G = Mean time per level.
                   A        B        C        D        E       F      G
               +--------+--------+--------+--------+--------+-----+--------+
         Total |   8947 |   8947 |      0 |     80 |   4154 |  13 |  688.2 |
       Dungeon |   8557 |   8557 |      0 |     64 |   4116 |  11 |  777.9 |
         Sewer |    193 |    193 |      0 |     16 |     35 |   1 |  193.0 |
       Ossuary |    196 |    196 |      0 |      0 |      3 |   1 |  196.0 |
               +--------+--------+--------+--------+--------+-----+--------+

Top non-repeatable levels by time:
     D:3: 1368 daAuts
     D:8: 1106 daAuts
     D:4: 1005 daAuts
     D:7: 975 daAuts
     D:9: 906 daAuts
     D:1: 667 daAuts
    D:10: 563 daAuts
     D:5: 542 daAuts
     D:6: 521 daAuts
    D:11: 520 daAuts
     D:2: 381 daAuts
 Ossuary: 196 daAuts
   Sewer: 193 daAuts
